 Seeded DCSS version 0.30-a0-390-g80c34de65d (webtiles) character file.

Game seed: 15918642794639691568 (custom seed)

238 purpskrrrp the Conjurer (level 5, -18/35 HPs)
             Began as a Demonspawn Conjurer on Dec 4, 2022.
             Was a Believer of Dithmenos.
             Demolished by an ogre
             ... wielding a +0 giant spiked club
              (31 damage)
             ... on level 4 of the Dungeon.
             The game lasted 00:06:56 (3591 turns).

purpskrrrp the Conjurer (Demonspawn Conjurer)       Turns: 3591, Time: 00:06:56

Health: -18/35     AC:  4    Str:  5 (8)  XL:     5   Next: 78%
Magic:  1/9        EV: 16    Int: 22 (23) God:    Dithmenos [**....]
Gold:   92         SH:  0    Dex: 10 (11) Spells: 7/10 levels left

rFire   . . .      SeeInvis .    (no weapon)
rCold   . . .      Faith    .    (no shield)
rNeg    . . .      Spirit   .    g - +2 robe {Will+}
rPois   .          Reflect  .    (helmet restricted)
rElec   .          Harm     .    (no cloak)
rCorr   .          Rampage  .    (no gloves)
Will    +....                    (no boots)
Stlth   ++........               (no amulet)
HPRegen 0.25/turn                j - +4 ring of evasion
MPRegen 0.11/turn                (no ring)

@: wreathed by umbra
A: horns 1, big brain 1, demonic magic 1, wild magic 1
a: Renounce Religion, Shadow Step


You were on level 4 of the Dungeon.
You worshipped Dithmenos.
Dithmenos was pleased with you.
You visited 1 branch of the dungeon, and saw 4 of its levels.

You collected 152 gold pieces.
You spent 60 gold pieces at shops.

Inventory:

Armour
 a - a +1 robe
 g - a +2 robe of willpower (worn)
 t - an orb of light
Jewellery
 j - a +4 ring of evasion (left hand)
Scrolls
 i - a scroll of amnesia
 m - a scroll of identify
Potions
 b - a potion of flight {unknown}
 c - 3 potions of attraction
 d - a potion of might {unknown}
 e - a potion of lignification {unknown}
 h - a potion of heal wounds {unknown}
 o - a potion of berserk rage {unknown}


   Skills:
 + Level 3.1 Dodging
 - Level 1.7 Stealth
 + Level 3.2 Spellcasting
 * Level 5.7 Conjurations


You had 7 spell levels left.
You knew the following spells:

 Your Spells              Type           Power      Damage    Failure   Level
a - Magic Dart            Conj           100%       1d8       2%          1
b - Searing Ray           Conj           74%        2d7       3%          2

Your spell library contained the following spells:

 Spells                   Type           Power      Damage    Failure   Level
 Shock                    Conj/Air       84%        1d8       6%          1
 Dazzling Flash           Conj/Hex       42%        N/A       16%         3
 Swiftness                Air            4%         N/A       45%         3
 Fulminant Prism          Conj/Hex       10%        3d9       45%         4
 Iskenderun's Mystic Bla  Conj/Tloc      21%        2d6       45%         4
 Airstrike                Air            2%         2d(1-17)  83%         4


Dungeon Overview and Level Annotations

Branches:
Dungeon (4/15)             Temple (0/1) D:4

Altars:
Dithmenos

Shops:
D:3 *

Annotations:
D:4 Grinder


Innate Abilities, Weirdness & Mutations

You have a pair of small horns on your head.
You have an unusually large brain. (Int +2)
Spells you cast may paralyse adjacent enemies.
Your spells are a little harder to cast, but a little more powerful.


Message History

Your butterfly is engulfed in poison gas.
Your butterfly is poisoned.
You kill your butterfly!
Your butterfly disappears in a burst of colours!
Your butterfly is poisoned.
Your butterfly is engulfed in poison gas.
Your butterfly is poisoned.
You kill your butterfly!
Your butterfly disappears in a burst of colours!
Your butterfly is engulfed in poison gas.
Your butterfly is poisoned.
You kill your butterfly!
Your butterfly disappears in a burst of colours!
Your butterfly is engulfed in poison gas.
Your butterfly looks even sicker.
You kill your butterfly!
Your butterfly disappears in a burst of colours!
Your butterfly is engulfed in poison gas.
Your butterfly is poisoned.
You kill your butterfly!
Your butterfly disappears in a burst of colours!
The orc hits you but does no damage. The ogre misses you.
It was a potion of mutation.
You feel extremely strange.
You feel less in control of your magic.
Your butterfly is poisoned.
Your butterfly is engulfed in poison gas.
Your butterfly is poisoned.
You kill your butterfly!
Your butterfly disappears in a burst of colours!
The orc misses you.
Your butterfly is engulfed in poison gas.
Your butterfly is poisoned.
You kill your butterfly!
Your butterfly disappears in a burst of colours!
It was a potion of degeneration.
There was something very wrong with that liquid.
You feel weakened.
You feel dopey.
You feel clumsy.
The ogre hits you with a +0 giant spiked club!!
Ouch! That really hurt!
You die...

* ***** *,,,# ##############...#
#§b.5..o.........#
#o###..........).# ***** #o#
#.....$......# ,,,,**** #@#
#............' **,,,,,* #O#
#.....$......#
**,,,,,********#§#*#........!...#
**,,,,,,,,,,,,,§§§*##'##.$.....##
**,,,,,,>,,,,,,§§§,,..##.......#*
**,,,,,,,,,,,,§§§§§*###*.$...,,**
***,,,,,,,,,,,§§§§§,,,,**,**,,,+*
* ***,*,,,,,,§☼§§§§#****,,,*,,,**
*****,*,,,,,,,,,,,,* *,,,*,,,*


You could see an ogre and 2 orcs.

Vanquished Creatures
  A necrophage (D:4)
  Natasha (twice) (D:4)
  An iguana (D:4)
  3 adders
  A worm (D:2)
  2 dart slugs
  An orc (D:4)
  6 endoplasms
  3 giant cockroaches (D:2)
  6 goblins
  3 hobgoblins
  7 jackals
  8 kobolds
  2 quokkas
  7 ball pythons
  5 bats
  2 frilled lizards
  2 rats
62 creatures vanquished.

Notes
Turn   | Place    | Note
-------+----------+-------------------------------------------
     0 | D:1      | purpskrrrp the Demonspawn Conjurer began the quest for the
                  | Orb.
     0 | D:1      | Reached XP level 1. HP: 13/13 MP: 3/3
    83 | D:1      | Found a faded altar of an unknown god.
   144 | D:1      | Prayed at the altar of an unknown god.
   144 | D:1      | Became a worshipper of Dithmenos the Shadowed
   144 | D:1      | Reached * piety under Dithmenos
   258 | D:1      | Gained mutation: You have an unusually large brain. (Int
                  | +2) [demonic ancestry]
   258 | D:1      | Reached XP level 2. HP: 5/19 MP: 0/5
   705 | D:1      | You fall into a shaft and drop 1 floor!
  1135 | D:1      | Gained mutation: You have a pair of small horns on your
                  | head. [demonic ancestry]
  1135 | D:1      | Reached XP level 3. HP: 24/24 MP: 4/6
  1691 | D:2      | Learned a level 2 spell: Searing Ray
  2249 | D:3      | Found Sipp's General Store.
  2255 | D:3      | Bought a potion of curing for 36 gold pieces
  2255 | D:3      | Bought a scroll of identify for 24 gold pieces
  2758 | D:3      | Reached XP level 4. HP: 30/30 MP: 3/7
  2907 | D:4      | Reached skill level 5 in Conjurations
  3078 | D:4      | Noticed Natasha
  3083 | D:4      | Killed Natasha
  3134 | D:4      | Noticed a necrophage
  3141 | D:4      | Killed a necrophage
  3142 | D:4      | Gained mutation: Spells you cast may paralyse adjacent
                  | enemies. [demonic ancestry]
  3142 | D:4      | Reached XP level 5. HP: 35/35 MP: 1/9
  3265 | D:4      | Reached ** piety under Dithmenos
  3311 | D:4      | Noticed a phantom
  3414 | D:4      | Found a staircase to the Ecumenical Temple.
  3417 | D:4      | Noticed an ogre
  3540 | D:4      | Noticed Grinder
  3542 | D:4      | Noticed Natasha
  3560 | D:4      | Killed Natasha
  3590 | D:4      | Gained mutation: Your spells are a little harder to cast,
                  | but a little more powerful. [potion of mutation]
  3591 | D:4      | Demolished by an ogre

Illustrated notes

Levels and vault maps discovered:
D:1:      shiori_arrival_maze, layout_basic, ebering_ecumenical_altar_mist
D:2:      layout_loops_ring
D:3:      layout_rooms, serial_rivers, chequers_serial_rivers_large_b,
          chequers_serial_rivers_micro_c, chequers_serial_rivers_micro_b,
          chequers_serial_rivers_micro_c, chequers_serial_rivers_small_a,
          chequers_serial_rivers_marsh, serial_shops, shop,
          chequers_decorated_corner
D:4:      layout_basic, grunt_gozag_breadcrumbs,
          minmay_temple_entry_sparse_star, kennysheep_path_1, uniq_natasha,
          uniq_grinder, uniq_pikel

Skill      XL: |  1  2  3  4 |
---------------+-------------+-----
Dodging        | 2 3 |  3.1
Conjurations   | 5 |  5.7
Spellcasting   | 3 |  3.2
Stealth        | |  1.7

Action                   |  1- 3 |  4- 6 || total
-------------------------+-------+-------++-------
Melee: Unarmed           |    46 |    15 ||    61
       Punch             |     2 |       ||     2
       Headbutt          |     5 |     3 ||     8
 Cast: Magic Dart        |    83 |    63 ||   146
       Searing Ray       |       |     1 ||     1
  Use: Scroll            |     4 |     5 ||     9
       Potion            |       |     5 ||     5
 Stab: Sleeping          |     1 |       ||     1
       Paralysed         |       |     1 ||     1
Armor: Robe              |     6 |     5 ||    11
Dodge: Dodged            |    36 |    35 ||    71

Table legend: (Time is in decaauts)
 A = Elapsed time spent in this place.
 B = Non-inter-level travel time spent in this place.
 C = Inter-level travel time spent in this place.
 D = Time resting spent in this place.
 E = Time spent auto-exploring this place.
 F = Levels seen in this place.
 G = Mean time per level.
                   A        B        C        D        E       F      G
               +--------+--------+--------+--------+--------+-----+--------+
         Total |   3631 |   3588 |     43 |    601 |   2522 |   4 |  907.8 |
       Dungeon |   3631 |   3588 |     43 |    601 |   2522 |   4 |  907.8 |
               +--------+--------+--------+--------+--------+-----+--------+

Top non-repeatable levels by time:
     D:1: 1159 daAuts
     D:2: 992 daAuts
     D:3: 771 daAuts
     D:4: 708 daAuts
